 Dungeon Crawl Stone Soup version 0.29.1-15-g9cfb28693d (webtiles) character file.

Game seed: 10267829189397717113

323 buriedalive the Chiller (level 6, -3/32 HPs)
             Began as a Deep Elf Ice Elementalist on Apr 28, 2023.
             Slain by a scorpion (6 damage)
             ... on level 4 of the Dungeon on May 2, 2023.
             The game lasted 00:07:09 (3756 turns).

buriedalive the Chiller (Deep Elf Ice Elementalist) Turns: 3756, Time: 00:07:09

Health: -3/32      AC:  2    Str:  3 (4)  XL:     6   Next: 23%
Magic:  0/15       EV: 15    Int: 18 (21) God:
Gold:   90         SH:  0    Dex: 20 (21) Spells: 14/15 levels left

rFire   . . .      SeeInvis .   i - +1 dagger (speed)
rCold   . . .      Faith    .   (no shield)
rNeg    . . .      Spirit   .   a - +0 robe
rPois   .          Reflect  .   (no helmet)
rElec   .          Harm     .   (no cloak)
rCorr   .          Rampage  .   (no gloves)
Will    .....                   (no boots)
Stlth   +++.......              (no amulet)
HPRegen 0.10/turn               (no ring)
MPRegen 0.14/turn               (no ring)

@: unable to drink
A: thin skeletal structure 1, agile 1, inability to drink after injury 1
a: no special abilities


You were on level 4 of the Dungeon.
You visited 1 branch of the dungeon, and saw 4 of its levels.

You collected 90 gold pieces.

Inventory:

Hand Weapons
 d - a +0 dagger
 i - a +1 dagger of speed (weapon)
Missiles
 k - 40 stones
 o - 4 poisoned darts
Armour
 a - a +0 robe (worn)
Scrolls
 e - a scroll of amnesia {unknown}
 g - 3 scrolls of teleportation
 m - 3 scrolls of identify {unknown}
 n - a scroll of immolation {unknown}
 p - 2 scrolls of poison {unknown}
 q - a scroll of brand weapon {unknown}
Potions
 b - a potion of magic
 f - a potion of brilliance {unknown}
 h - 2 potions of mutation
 j - 2 potions of ambrosia {unknown}
 l - a potion of cancellation {unknown}
 r - a potion of might {unknown}


   Skills:
 + Level 5.3 Dodging
 - Level 2.4 Stealth
 - Level 5.0 Spellcasting
 + Level 6.1 Ice Magic


You had 14 spell levels left.
You knew the following spells:

 Your Spells              Type           Power      Damage    Failure   Level
a - Freeze                Ice            100%       1d11      1%          1

Your spell library contained the following spells:

 Spells                   Type           Power      Damage    Failure   Level
 Frozen Ramparts          Ice            52%        1d8       3%          3
 Ozocubu's Armour         Ice            26%        N/A       3%          3
 Static Discharge         Conj/Air       4%         3-4/arc   21%         2
 Hailstorm                Conj/Ice       15%        3d5       36%         4
 Lightning Bolt           Conj/Air       2%         1d13      98%         5
 Maxwell's Capacitive Co  Air            2%         ∞         100%        8


Dungeon Overview and Level Annotations

Branches:
Dungeon (4/15)
 Temple: D:4-7

Altars:

Annotations:
D:3 1 runed translucent door, Taurus's ghost, amateur MiFi


Innate Abilities, Weirdness & Mutations

You have a somewhat thin skeletal structure. (Dex +2, Stealth+)
You are agile. (Dex +4, Str/Int -1)
You occasionally lose the ability to drink potions when taking damage.


Message History

Aiming: Freeze (safe; 1% risk of failure)
Press: ? - help, Shift-Dir - straight line, f/p - orc
Aim: an orc, wielding a +0 mace and wearing a +0 leather armour (moderately wounded)
You freeze the orc.
The orc is severely wounded.
The scorpion completely misses you. The orc completely misses you.
Unknown command.
Casting: Freeze (safe; 1% risk of failure)
Confirm with . or Enter, or press ? or * to list all spells.
Aiming: Freeze (safe; 1% risk of failure)
Press: ? - help, Shift-Dir - straight line, f/p - orc
Aim: an orc, wielding a +0 mace and wearing a +0 leather armour (severely wounded)
You freeze the orc!
You kill the orc!
The scorpion stings you.
* * * LOW HITPOINT WARNING * * *
Casting: Freeze (safe; 1% risk of failure)
Confirm with . or Enter, or press ? or * to list all spells.
Aiming: Freeze (safe; 1% risk of failure)
Press: ? - help, Shift-Dir - straight line, f - scorpion
Aim: a scorpion You freeze the scorpion!
The scorpion is heavily wounded.
The scorpion stings you.
* * * LOW HITPOINT WARNING * * *
Casting: Freeze (safe; 1% risk of failure)
Confirm with . or Enter, or press ? or * to list all spells.
You don't have enough magic to cast this spell.
Unknown command.
It was a potion of mutation.
You feel extremely strange.
Your bones become slightly less dense.
You occasionally lose the ability to drink potions when taking damage.
You feel agile.
The scorpion stings you but does no damage.
It was a potion of degeneration.
There was something very wrong with that liquid.
You feel weakened.
You feel dopey.
You feel clumsy. The scorpion misses you. The scorpion stings you.
You feel threatened and lose the ability to drink potions!
You die...

....#.###.......#..###.......# .
....#..........##.###........##..
###.#...............).##.........
##................<............
#........[.......###.#.....##.
..[................#.......##
#############.............##
#)s)...........#
##@..............
#.)...............
####.#........##... ##.......##
..# #........ ## .. .


You could see a scorpion.

Vanquished Creatures
  A black bear (D:4)
  A scorpion (D:4)
  An iguana (D:4)
  An orc wizard (D:4)
  6 adders
  A worm (D:3)
  2 dart slugs (D:1)
  11 orcs
  3 ball pythons
  4 endoplasms
  5 giant cockroaches
  2 goblins (D:1)
  6 hobgoblins
  3 quokkas
  5 bats
  A frilled lizard (D:3)
  5 kobolds
  3 rats
61 creatures vanquished.

Notes
Turn   | Place    | Note
-------+----------+-------------------------------------------
     0 | D:1      | buriedalive the Deep Elf Ice Elementalist began the quest
                  | for the Orb.
     0 | D:1      | Reached XP level 1. HP: 10/10 MP: 6/6
   164 | D:1      | Reached XP level 2. HP: 7/15 MP: 4/8
  1388 | D:2      | Reached XP level 3. HP: 13/19 MP: 8/10
  2014 | D:2      | Reached skill level 5 in Ice Magic
  2617 | D:3      | Reached XP level 4. HP: 24/24 MP: 10/12
  2723 | D:3      | Found a runed translucent door.
  2733 | D:3      | Noticed Taurus's ghost (amateur MiFi)
  2735 | D:3      | Noticed a phantom
  3351 | D:4      | Noticed a scorpion
  3352 | D:4      | Noticed a black bear
  3369 | D:4      | Killed a scorpion
  3370 | D:4      | Reached XP level 5. HP: 14/28 MP: 7/14
  3370 | D:4      | Killed a black bear
  3371 | D:4      | Reached skill level 5 in Dodging
  3371 | D:4      | Reached skill level 5 in Spellcasting
  3381 | D:4      | Reached XP level 6. HP: 3/32 MP: 1/15
  3739 | D:4      | Reached skill level 6 in Ice Magic
  3755 | D:4      | Gained mutation: You have a somewhat thin skeletal
                  | structure. (Dex +2, Stealth+) [potion of mutation]
  3755 | D:4      | Gained mutation: You occasionally lose the ability to drink
                  | potions when taking damage. [potion of mutation]
  3755 | D:4      | Gained mutation: You are agile. (Dex +4, Str/Int -1)
                  | [potion of mutation]
  3756 | D:4      | Slain by a scorpion

Illustrated notes

Levels and vault maps discovered:
D:1:      mrwooster_arrival_statue_3, layout_basic, minmay_nonomino_d4
D:2:      layout_basic
D:3:      layout_rooms, hellmonk_ghost_happy_afterlife,
          chequers_serial_rivers_large_b
D:4:      layout_cave_pools, lemuel_coloured_pillars_altar

Skill      XL: |  1  2  3  4  5  6 |
---------------+-------------------+-----
Dodging        | 3 4 5 |  5.3
Spellcasting   | 4 5 |  5.0
Ice Magic      | 5 6 |  6.1
Stealth        | |  2.4

Action                   |  1- 3 |  4- 6 || total
-------------------------+-------+-------++-------
Melee: Unarmed           |     2 |       ||     2
       Dagger            |    42 |     8 ||    50
 Cast: Freeze            |    33 |    55 ||    88
  Use: Potion            |       |     5 ||     5
       Scroll            |       |     1 ||     1
 Stab: Sleeping          |    11 |       ||    11
Armor: Robe              |    11 |    11 ||    22
Dodge: Dodged            |    39 |    58 ||    97
